 Dungeon Crawl Stone Soup version 0.30-a0-737-gf23d940 (webtiles) character file.

Game seed: 13036818372341625913

294 PublicAnimeNo1 the Covert (level 6, -3/38 HPs)
             Began as a Kobold Delver on Feb 1, 2023.
             Killed by divine providence
             ... invoked by an orc priest
              (15 damage)
             ... on level 5 of the Dungeon.
             The game lasted 00:04:19 (848 turns).

PublicAnimeNo1 the Covert (Kobold Delver)            Turns: 848, Time: 00:04:20

Health: -3/38      AC:  3    Str:  9    XL:     6   Next: 60%
Magic:  6/6        EV: 15    Int: 19    God:
Gold:   7          SH:  0    Dex: 17    Spells: 5/5 levels left

rFire   . . .      SeeInvis .    a - +0 short sword
rCold   . . .      Faith    .    (no shield)
rNeg    . . .      Spirit   .    b - +0 leather armour
rPois   .          Reflect  .    (no helmet)
rElec   .          Harm     .    (no cloak)
rCorr   .          Rampage  .    (no gloves)
Will    +....                    (no boots)
Stlth   +++++                    (no amulet)
HPRegen 0.26/turn                i - ring of willpower
MPRegen 0.10/turn                f - +6 ring of intelligence

@: no status effects
A: small, no large weapons, nightstalker 3
a: no special abilities


You were on level 5 of the Dungeon.
You visited 1 branch of the dungeon, and saw 2 of its levels.

You collected 7 gold pieces.

Inventory:

Hand Weapons
 a - a +0 short sword (weapon)
Armour
 b - a +0 leather armour (worn)
Jewellery
 f - a +6 ring of intelligence (right hand)
 i - a ring of willpower (left hand)
Wands
 g - a wand of digging (3)
Scrolls
 c - a scroll of fog
 d - a scroll of magic mapping
Potions
 e - a potion of attraction {unknown}
 h - a potion of heal wounds {unknown}
 j - a potion of curing {unknown}


   Skills:
 + Level 4.2 Fighting
 * Level 5.4 Short Blades
 + Level 3.8 Dodging
 * Level 8.3 Stealth


You had 5 spell levels left.
You didn't know any spells.
Your spell library was empty.

Dungeon Overview and Level Annotations

Branches:
Dungeon (6/15)
 Temple: D:4-7

Altars:

Shops:
D:5 *

Annotations:
D:6 Menkaure, Prince Ribbit


Innate Abilities, Weirdness & Mutations

You are small and have problems with some larger weapons.
You are completely attuned to the shadows.


Message History

You stick the hound like a pincushion!!!
You kill the hound!
There is an open door here.
There is an open door here.
There is an open door here.
There is a stone staircase leading up here.
You climb upwards.
There is a stone staircase leading down here.
An orc wizard comes into view. It is wielding a +0 dagger.
An orc comes into view. It is wielding a +0 club.
An orc wizard and an orc come into view.
An orc priest comes into view. It is wielding a +0 club.
The orc wizard shouts!
The orc shouts!
The orc wizard shouts!
The orc shouts!
The orc priest shouts!
The orc wizard hits you with a +0 dagger.
You closely miss the orc wizard. The orc wizard closely misses you.
Okay, then.
Sorry, you're not good enough to have a special ability.
Unknown command.
The orc attacks as you move away! The orc barely misses you.
The orc attacks as you move away! The orc hits you but does no damage.
The orc wizard attacks as you move away!
The orc wizard closely misses you. The orc attacks as you move away!
The orc closely misses you. The orc attacks as you move away!
The orc closely misses you. The orc attacks as you move away!
The orc hits you but does no damage.
The orc priest calls down the wrath of Beogh upon you.
Beogh smites you!
The orc wizard attacks as you move away!
The orc wizard hits you with a +0 dagger.
The orc attacks as you move away! The orc hits you with a +0 flail.
The orc wizard attacks as you move away!
The orc wizard closely misses you.
The orc wizard attacks as you move away!
The orc wizard hits you with a +0 dagger.
There is a stone staircase leading down here.
The orc misses you. The orc wizard barely misses you.
The orc priest mumbles some strange prayers to Beogh against you.
Beogh smites you!
You die...

#....# #....#
##....# .....o#
#....o##
.......#
......o.#
.......o##
.s.....o@#
........##
...)#...##
............
...##........
##..###.......
..#....#......#
.....#.#....#.#.
....#.....#####


You could see an orc priest, an orc wizard and 2 orcs.

Vanquished Creatures
  An ogre (D:6)
  A scorpion (D:6)
  A jelly (D:6)
  2 hounds (D:6)
  2 iguanas (D:6)
  An adder (D:6)
  A white imp (D:5)
9 creatures vanquished.

Vanquished Creatures (others)
  6 fungi (D:6)
6 creatures vanquished.

Grand Total: 15 creatures vanquished

Notes
Turn   | Place    | Note
-------+----------+-------------------------------------------
     0 | D:5      | PublicAnimeNo1 the Kobold Delver began the quest for the
                  | Orb.
     0 | D:5      | Reached XP level 1. HP: 14/14 MP: 1/1
    10 | D:5      | Found Tiperiu's Overcharged Wands.
    39 | D:5      | Reached XP level 2. HP: 19/19 MP: 2/2
   113 | D:5      | Noticed a scorpion
   161 | D:6      | Noticed a scorpion
   164 | D:6      | Killed a scorpion
   165 | D:6      | Reached skill level 7 in Stealth
   165 | D:6      | Reached XP level 3. HP: 24/24 MP: 3/3
   165 | D:6      | Reached XP level 4. HP: 29/29 MP: 4/4
   248 | D:6      | Reached XP level 5. HP: 33/33 MP: 5/5
   311 | D:6      | Noticed Menkaure
   326 | D:6      | Noticed Prince Ribbit
   686 | D:6      | Noticed an ogre
   708 | D:6      | Killed an ogre
   709 | D:6      | Reached skill level 5 in Short Blades
   709 | D:6      | Reached skill level 8 in Stealth
   709 | D:6      | Reached XP level 6. HP: 27/38 MP: 6/6
   848 | D:5      | Killed from afar by an orc priest

Illustrated notes

Levels and vault maps discovered:
D:5:      layout_layer_cave, minmay_temple_entry_wispy, eino_curves_01,
          nicolae_shop_overcharged_wands, uniq_crazy_yiuf_cottage, uniq_duvessa
D:6:      layout_gridville, minitemple, dreamdust_mushroom_princess,
          minmay_door_square, uniq_prince_ribbit1, uniq_menkaure

Skill      XL: |  1  2  3  4  5 |
---------------+----------------+-----
Short Blades   | 3 4 5 |  5.4
Dodging        | 3 |  3.8
Stealth        | 7 8 |  8.3
Fighting       | 4 |  4.2

Action                     |  1- 3 |  4- 6 || total
---------------------------+-------+-------++-------
  Melee: Short sword       |     4 |    22 ||    26
    Use: Scroll            |     1 |       ||     1
         Potion            |       |     1 ||     1
   Stab: Sleeping          |     2 |     6 ||     8
 Armour: Leather armour    |       |     3 ||     3
  Dodge: Dodged            |       |    17 ||    17

Table legend: (Time is in decaauts)
 A = Elapsed time spent in this place.
 B = Non-inter-level travel time spent in this place.
 C = Inter-level travel time spent in this place.
 D = Time resting spent in this place.
 E = Time spent auto-exploring this place.
 F = Levels seen in this place.
 G = Mean time per level.
                   A        B        C        D        E       F      G
               +--------+--------+--------+--------+--------+-----+--------+
         Total |    825 |    799 |     26 |    200 |    254 |   2 |  412.5 |
       Dungeon |    825 |    799 |     26 |    200 |    254 |   2 |  412.5 |
               +--------+--------+--------+--------+--------+-----+--------+

Top non-repeatable levels by time:
     D:6: 683 daAuts
     D:5: 142 daAuts
